 Dungeon Crawl Stone Soup version 0.26.1-11-gd32895ea62 (webtiles) character file.

Game seed: 15627693938620886437

6112 bnorton916 the Fighter (level 11, -15/91 HPs)
             Began as a Formicid Fighter on June 24, 2021.
             Was an Initiate of Gozag.
             Demolished by a two-headed ogre
             ... wielding a +0 giant spiked club
              (28 damage)
             ... on level 8 of the Dungeon.
             The game lasted 00:19:42 (10923 turns).

bnorton916 the Fighter (Formicid Fighter)          Turns: 10923, Time: 00:19:42

Health: -15/91     AC: 10    Str: 28    XL:     11   Next: 12%
Magic:  11/11      EV: 10    Int:  9    God:    Gozag
Gold:   1711       SH: 18    Dex: 11    Spells: 10/10 levels left

rFire    . . .     SeeInvis +   a - +1 war axe
rCold    . . .     Faith    .   c - +1 kite shield
rNeg     . . .     Spirit   .   B - +1 scale mail {rPois}
rPois    +         Reflect  +   (helmet unavailable)
rElec    .         Harm     .   (no cloak)
rCorr    .         Rampage  .   (no gloves)
Will     +....                  H - +0 pair of boots
Stlth    ..........             s - amulet of reflection
HPRegen  0.25/turn              w - +6 ring of strength
MPRegen  0.12/turn              (no ring)

@: no status effects
A: permanent stasis, dig shafts and tunnels, four strong arms, antennae 3
a: Dig, Shaft Self, Renounce Religion, Potion Petition, Call Merchant, Bribe
Branch


You were on level 8 of the Dungeon.
You worshipped Gozag.
Gozag was most pleased with you.
You visited 2 branches of the dungeon, and saw 10 of its levels.
You also visited: Ossuary.

You collected 1742 gold pieces.
You paid 31 gold pieces to Gozag.

Inventory:

Hand Weapons
 a - a +1 war axe (weapon)
 o - a +0 battleaxe
 z - a +5 dire flail of holy wrath
 D - the +12 hunting sling "Qoheck" {flame, rF++ Stlth-, unknown}
   (You found it on level 7 of the Dungeon)

   It causes projectiles fired from it to burn those they strike, causing extra
   injury to most foes and up to half again as much damage against particularly
   susceptible opponents.
   It greatly protects you from fire.
   It makes you less stealthy.
 G - a +0 lajatang
Missiles
 x - 38 bolts
 F - 9 boomerangs
Armour
 c - a +1 kite shield (worn)
 B - a +1 scale mail of poison resistance (worn)
 H - a +0 pair of boots (worn)
Jewellery
 s - an amulet of reflection (around neck)
 w - a +6 ring of strength (left hand)
 E - an uncursed ring of fire
 I - an uncursed ring of ice
 J - an uncursed amulet of magic regeneration
 K - an uncursed ring of magical power {unknown}
Wands
 y - a wand of paralysis (25)
 C - a wand of acid (6)
 L - a wand of digging (7)
Scrolls
 b - 3 scrolls of fear {unknown}
 e - 2 scrolls of magic mapping
 g - 8 scrolls of remove curse
 i - 2 scrolls of enchant armour
 q - a scroll of acquirement {unknown}
 t - 2 scrolls of amnesia {unknown}
 u - 2 scrolls of enchant weapon
 A - a scroll of fog
Potions
 d - 3 potions of might
 f - 3 potions of magic
 h - 2 potions of attraction {unknown}
 j - 7 potions of curing
 k - 3 potions of lignification
 l - a potion of degeneration {unknown}
 m - 2 potions of brilliance {unknown}
 n - 3 potions of flight
 p - 2 potions of mutation {unknown}
 r - a potion of resistance {unknown}
 v - a potion of heal wounds {unknown}


   Skills:
 + Level 10.2 Fighting
 + Level 9.1 Axes
 - Level 9.0 Armour
 - Level 9.0 Shields


You had 10 spell levels left.
You didn't know any spells.
Your spell library was empty.

Dungeon Overview and Level Annotations

Branches:
Dungeon (9/15)             Temple (1/1) D:5         Ossuary (visited)
   Lair: D:8-11         Orc: D:9-12

Altars:
Dithmenos
Elyvilon
Fedhas
Gozag
Makhleb
Nemelex Xobeh
Ru
Uskayaw
Vehumet
The Shining One

Shops:
D:4 (   D:5 :

Annotations:
D:3 Grinder


Innate Abilities, Weirdness & Mutations

You cannot be hasted, slowed, berserked, paralysed or teleported.
You can dig through walls and to a lower floor.
Your four strong arms can wield two-handed weapons with a shield.
You have a pair of large antennae on your head. (SInv)


Message History

You barely miss the two-headed ogre.
The two-headed ogre is heavily wounded.
You block the two-headed ogre's attack.
The two-headed ogre hits you with a +0 giant club!
* * * LOW HITPOINT WARNING * * *
You slice the two-headed ogre!!
The two-headed ogre is almost dead.
You barely miss the two-headed ogre.
The two-headed ogre is almost dead.
You block the two-headed ogre's attack. The two-headed ogre barely misses you.
You barely miss the two-headed ogre.
The two-headed ogre is almost dead.
The two-headed ogre hits you but does no damage.
The two-headed ogre hits you with a +0 giant club!
* * * LOW HITPOINT WARNING * * *
You completely miss the two-headed ogre.
The two-headed ogre is almost dead.
The two-headed ogre hits you with a +0 giant spiked club!!
You die...
Your body crumbles into a pile of gold.

#...........#.#.#..###.......<.#
#...#...###.#.#.#..###.........#
...............................##
...............[.................
..............))...#.#...........
.................................
#...........#.#.#..#.#......#..##
#...........#.#.#..#.#......#..##
................@................
....).#.###......O...#...#..#..##
................#..#........#..##
..........[.....#..#.#...#.......
#........................#..#..##
................#..#.#...#..#..<.
#.#..##.........)..#.#...#......#
............#...#..#.#...#..#....
......!.....#........##..#..#....


You could see a two-headed ogre.

Vanquished Creatures
  2 two-headed ogres (D:8)
  A cyclops (D:9)
  3 trolls (D:9)
  Prince Ribbit (D:5)
  A wyvern (D:8)
  A yak (D:9)
  Eustachio (D:4)
  A vampire mosquito (D:9)
  Edmund (D:4)
  2 water moccasins (D:7)
  5 phantoms
  A necrophage (D:9)
  A sky beast (D:8)
  An ogre (D:4)
  Blork the orc (D:4)
  4 bullfrogs
  8 scorpions
  4 howler monkeys
  A centaur zombie (Ossuary)
  2 human zombies (Ossuary)
  A quasit (D:7)
  5 hounds
  5 orc wizards
  6 orc priests
  Ijyb (D:5)
  Jessica (D:3)
  4 iguanas
  2 worker ants
  A killer bee zombie (D:5)
  3 mummies (Ossuary)
  A worker ant zombie (D:9)
  6 adders
  16 gnolls
  2 scorpion zombies (Ossuary)
  A shadow imp (D:6)
  An ooze (D:3)
  A worm (D:3)
  3 dart slugs
  A leopard gecko (D:8)
  32 orcs
  5 giant cockroaches
  6 hobgoblins
  4 jackals (D:4)
  2 quokkas (D:8)
  14 bats
  5 frilled lizards
  A gnoll zombie (Ossuary)
  8 goblins
  4 hobgoblin zombies (Ossuary)
  8 kobolds
  A kobold zombie (Ossuary)
  2 leopard gecko skeletons (D:4)
  A leopard gecko zombie (D:9)
  An orc zombie (Ossuary)
  A quokka skeleton (D:6)
  5 rats
203 creatures vanquished.

Vanquished Creatures (others)
  37 plants (D:9)
37 creatures vanquished.

Grand Total: 240 creatures vanquished

Notes
Turn   | Place    | Note
-------+----------+-------------------------------------------
     0 | D:1      | bnorton916 the Formicid Fighter began the quest for the
                  | Orb.
     0 | D:1      | Reached XP level 1. HP: 18/18 MP: 1/1
   104 | D:1      | Reached XP level 2. HP: 20/24 MP: 2/2
   674 | D:1      | Reached XP level 3. HP: 27/29 MP: 3/3
   996 | D:2      | Found an opulent altar of Gozag.
  1007 | D:2      | Became a worshipper of Gozag Ym Sagoz the Greedy
  1018 | D:2      | Found a hide-covered altar of Uskayaw.
  1057 | D:2      | Reached XP level 4. HP: 37/37 MP: 4/4
  1217 | D:2      | Reached skill level 4 in Fighting
  1469 | D:2      | Reached XP level 5. HP: 42/42 MP: 5/5
  2026 | D:3      | Noticed a phantom
  2071 | D:3      | Killed a phantom
  2072 | D:3      | Reached XP level 6. HP: 29/49 MP: 6/6
  2319 | D:3      | Reached skill level 5 in Shields
  3166 | D:3      | Noticed Jessica
  3166 | D:3      | Noticed Grinder
  3171 | D:3      | Killed Jessica
  3360 | D:4      | Noticed Blork the orc
  3394 | D:4      | Found a sand-covered staircase.
  3394 | D:4      | Noticed a phantom
  3398 | Ossuary  | Entered an ossuary
  3441 | Ossuary  | Reached skill level 5 in Armour
  3441 | Ossuary  | Reached XP level 7. HP: 36/55 MP: 7/7
  3571 | Ossuary  | Reached skill level 5 in Fighting
  4146 | Ossuary  | Reached XP level 8. HP: 16/63 MP: 8/8
  4806 | D:4      | Killed Blork the orc
  4828 | D:4      | Reached skill level 6 in Fighting
  4851 | D:4      | Reached skill level 5 in Axes
  5444 | D:4      | Found Ojeolorch's Weapon Shoppe.
  5571 | D:4      | Noticed Edmund
  5579 | D:4      | Killed Edmund
  5679 | D:4      | Reached XP level 9. HP: 69/71 MP: 9/9
  5730 | D:4      | Found a shadowy altar of Dithmenos.
  5735 | D:4      | Noticed Eustachio
  5743 | D:4      | Killed Eustachio
  5944 | D:5      | Entered Level 5 of the Dungeon
  6024 | D:5      | Found Esife's Book Emporium.
  6235 | D:5      | Noticed Prince Ribbit
  6257 | D:5      | Killed Prince Ribbit
  6258 | D:5      | Reached skill level 7 in Fighting
  6718 | D:5      | Noticed Ijyb
  6731 | D:5      | Killed Ijyb
  7108 | D:5      | Found a staircase to the Ecumenical Temple.
  7119 | Temple   | Entered the Ecumenical Temple
  7718 | D:6      | Found a sacrificial altar of Ru.
  8182 | D:7      | You fall into a shaft and drop 2 floors!
  8309 | D:9      | Noticed a cyclops
  8355 | D:9      | Killed a cyclops
  8356 | D:9      | Reached XP level 10. HP: 77/80 MP: 10/10
  8419 | D:9      | Noticed a two-headed ogre
  8433 | D:9      | Reached skill level 8 in Fighting
  9210 | D:7      | Got a slimy hunting sling
  9244 | D:7      | Found a white marble altar of Elyvilon.
  9479 | D:7      | Found a white marble altar of Elyvilon.
 10006 | D:8      | Reached skill level 9 in Fighting
 10119 | D:8      | Noticed a two-headed ogre
 10130 | D:8      | Killed a two-headed ogre
 10134 | D:8      | Noticed a two-headed ogre
 10142 | D:8      | Killed a two-headed ogre
 10143 | D:8      | Reached XP level 11. HP: 90/90 MP: 11/11
 10164 | D:8      | Reached skill level 10 in Fighting
 10184 | D:8      | Found a burning altar of Makhleb.
 10202 | D:8      | Found a glowing golden altar of the Shining One.
 10202 | D:8      | Found a blossoming altar of Fedhas.
 10202 | D:8      | Found a radiant altar of Vehumet.
 10211 | D:8      | Found a sparkling altar of Nemelex Xobeh.
 10908 | D:9      | Identified the cursed +1 war axe of Ycotaeluef {vorpal,
                  | rElec}
 10923 | D:8      | Demolished by a two-headed ogre

Illustrated notes

Levels and vault maps discovered:
D:1:      heliophobic_arrival_battle_scene, layout_loops_corners
D:2:      layout_basic, grunt_gozag_breadcrumbs, overflow_temple_1_default,
          minivault_4
D:3:      layout_basic, uniq_jessica, uniq_grinder
D:4:      layout_basic, nicolae_dithmenos_the_darkroom, serial_shops,
          nicolae_shop_statue_plus, lightli_ossuary_entry_decrepit_ruins,
          minmay_vboxes, uniq_edmund, uniq_blork_the_orc, uniq_eustachio
D:5:      layout_basic, minmay_temple_entry_fiery, serial_shops,
          nicolae_shop_waterfront, minivault_24, uniq_prince_ribbit1, uniq_ijyb
D:6:      layout_loops_ring, kennysheep_mini_moat
D:7:      layout_loops_ring, elyvilon_altar_3, david_defended_altar_elf
D:8:      layout_basic, minitemple
D:9:      minmay_the_grid_octo_tiled_squarecenter [minmay_the_grid_octo_chip,
          minmay_the_grid_octo_odd_swirl, minmay_the_grid_octo_clover,
          minmay_the_grid_octo_empty,
          minmay_the_grid_square_5x5_megaprize_diamond,
          minmay_the_grid_square_5x5_two,
          minmay_the_grid_square_5x5_spiral_small,
          minmay_the_grid_square_5x5_beaten_path,
          minmay_the_grid_square_5x5_one_wall], layout_cave_pools,
          hangedman_glass_garden, serial_bayou_lake_a
Temple:   minmay_temple_bridge_abc

Skill      XL: |  1  2  3  4  5  6  7  8  9 10 11 |
---------------+----------------------------------+-----
Shields        | 4 5 6 7 8 9 |  9.0
Fighting       | 4 5 6 7 9 10 | 10.2
Armour         | 4 5 6 7 9 |  9.0
Axes           | 3 4 5 6 8 9 |  9.1

Action                   |  1- 3 |  4- 6 |  7- 9 | 10-12 || total
-------------------------+-------+-------+-------+-------++-------
Melee: War axe           |    67 |   179 |   364 |   244 ||   854
 Abil: Dig               |     3 |    15 |     7 |    10 ||    35
Evoke: Wand              |       |       |     2 |     4 ||     6
  Use: Scroll            |       |     6 |     5 |     1 ||    12
       Potion            |       |       |     2 |       ||     2
 Stab: Distracted        |       |     1 |     1 |       ||     2
Armor: Scale mail        |    37 |    80 |    71 |    46 ||   234
Dodge: Dodged            |    19 |    60 |    73 |    53 ||   205
Block: Kite shield       |    27 |   113 |   245 |   204 ||   589
       Reflection        |       |       |     5 |     5 ||    10
